 Dungeon Crawl Stone Soup version 0.18-a0-1776-gf4084f6 (webtiles) character file.

2109 TheGoonsmith the Skirmisher (level 9, -2/72 HPs)
             Began as a Demonspawn Monk on Apr 16, 2016.
             Was a Priest of Makhleb.
             Slain by an orc warrior
             ... wielding a +0 scimitar
              (18 damage)
             ... on level 6 of the Dungeon.
             The game lasted 00:16:09 (5793 turns).

TheGoonsmith the Skirmisher (Demonspawn Monk)       Turns: 5793, Time: 00:16:10

Health: -2/72      AC: 10    Str: 14    XL:     9   Next: 7%
Magic:  0/11       EV: 12    Int: 11    God:    Makhleb [***...]
Gold:   327        SH:  0    Dex: 17    Spells: 0 memorised, 8 levels left

rFire  . . .     SeeInvis +       - Unarmed
rCold  . . .     Gourm    .     n - +1 scale mail
rNeg   . . .     Faith    .     (no shield)
rPois  .         Spirit   +     (no helmet)
rElec  .         Dismiss  .     (no cloak)
rCorr  +         Reflect  .     (no gloves)
SustAt .         Harm     .     (no boots)
MR     .....                    m - amulet of regeneration
Stlth  +++.......               r - ring of see invisible
                                k - ring of resist corrosion

@: not resistant to hostile enchantments, fairly stealthy
A: claws 1, yellow scales 1, nightstalker 2, magic shield
a: Minor Destruction, Lesser Servant of Makhleb, Renounce Religion


You were on level 6 of the Dungeon.
You worshipped Makhleb.
Makhleb was most pleased with you.
You were not hungry.

You visited 1 branch of the dungeon, and saw 6 of its levels.

You collected 327 gold pieces.

Inventory:

Hand Weapons
 b - a +1 short sword of freezing
Armour
 a - a +0 robe
 c - a +0 leather armour
 n - a +1 scale mail (worn)
 F - a +2 robe of the Archmagi
Jewellery
 k - a ring of resist corrosion (left claw)
 m - an amulet of regeneration (around neck)
 r - a ring of see invisible (right claw)
Wands
 l - a wand of polymorph (15/24)
 s - a wand of teleportation (5/9)
 y - a wand of confusion (9/48)
 E - a wand of slowing (22/48)
Scrolls
 f - a scroll of fear
 w - a scroll of blinking
 x - a scroll of teleportation
 J - a scroll of remove curse
Potions
 d - 4 potions of curing
 e - a potion of brilliance {unknown}
 g - 3 potions of degeneration
 h - a potion of haste
 i - a potion of lignification {unknown}
 o - a potion of cure mutation {unknown}
 p - a potion of ambrosia {unknown}
 A - a potion of flight {unknown}
 D - a potion of cancellation {unknown}
Comestibles
 j - 3 fruits
 q - 5 chunks of flesh
 t - 4 bread rations
 I - a slice of pizza


   Skills:
 - Level 7.1 Fighting
 - Level 1.0 Short Blades
 - Level 4.9 Armour
 - Level 4.6 Dodging
 - Level 2.1 Stealth
 - Level 7.0 Unarmed Combat
 + Level 2.6 Invocations


You had 8 spell levels left.
You didn't know any spells.

Dungeon Overview and Level Annotations

Branches:
Dungeon (6/15)
 Temple: D:4-7

Altars:
Cheibriados
Elyvilon
Fedhas
Kikubaaqudgha
Makhleb
Qazlal
Sif Muna
Trog
Vehumet
Yredelemnul
Zin
The Shining One

Annotations:
D:4 exclusion: statue


Innate Abilities, Weirdness & Mutations

You have sharp fingernails.
You are partially covered in yellow scales (AC +2).
You are significantly more attuned to the shadows.
When hurt, damage is shared between your health and your magic reserves.


Message History

The orc warrior is almost dead.
The orc hits you but does no damage.
You scratch the orc warrior.
The orc warrior is almost dead.
The orc warrior hits you with a scimitar!
The orc barely misses you.
You scratch the orc warrior but do no damage.
The orc warrior is almost dead.
The orc warrior hits you with a scimitar!
You barely miss the orc warrior.
The orc warrior is almost dead.
The orc hits you but does no damage.
The orc warrior hits you with a scimitar!
* * * LOW HITPOINT WARNING * * *
You scratch the orc warrior.
The orc warrior is almost dead.
The orc barely misses you.
You barely miss the orc.
The orc warrior hits you with a scimitar!!
You die...

#...........................
#.........<.................
#...........................
#...........................
#...........................
#######'#############.......
#..................#.......
#.........)o.......#.......
#........o@........+.......
#.........(........
#......###...######
##########...##..
...............
...............
......)......(.
...............
...............


You could see an orc warrior and an orc.

Vanquished Creatures
  The ghost of Kaishin the Insei, a novice OpTm (D:5)
  The ghost of slender the Ruffian, an amateur TrTm (D:4)
  Sigmund (D:6)
  Eustachio (D:6)
  A water moccasin (D:6)
  An orc warrior (D:6)
  2 phantoms
  An ogre (D:5)
  A big kobold (D:2)
  A giant frog (D:6)
  A scorpion (D:4)
  A howler monkey (D:6)
  A centaur zombie (D:6)
  2 crimson imps (D:5)
  2 iguanas (D:6)
  2 orc wizards
  A worker ant (D:6)
  A hound zombie (D:5)
  2 hound skeletons
  7 adders
  5 gnolls
  2 oozes (D:1)
  An adder zombie (D:5)
  5 worms
  2 dart slugs
  6 giant geckos
  11 orcs
  2 ball pythons
  11 bats
  8 giant cockroaches
  5 goblins
  4 hobgoblins
  5 quokkas
  5 giant newts
  A jackal skeleton (D:4)
  12 kobolds
  9 rats
125 creatures vanquished.

Notes
Turn   | Place    | Note
--------------------------------------------------------------
     0 | D:1      | TheGoonsmith the Demonspawn Monk began the quest for the Orb.
     0 | D:1      | Reached XP level 1. HP: 18/18 MP: 1/1
   126 | D:1      | Gained mutation: You are partially covered in yellow scales (AC +2). [demonic ancestry]
   126 | D:1      | Reached XP level 2. HP: 23/24 MP: 2/2
   410 | D:1      | Gained mutation: When hurt, damage is shared between your health and your magic reserves. [demonic ancestry]
   410 | D:1      | Reached XP level 3. HP: 29/29 MP: 3/3
   938 | D:2      | Found an ancient bone altar of Kikubaaqudgha.
  1104 | D:2      | Reached skill level 5 in Unarmed Combat
  1172 | D:1      | Reached XP level 4. HP: 22/35 MP: 4/4
  1842 | D:2      | Noticed a big kobold
  1849 | D:2      | Gained mutation: You are slightly more attuned to the shadows. [demonic ancestry]
  1849 | D:2      | Reached XP level 5. HP: 41/42 MP: 5/5
  2027 | D:3      | Reached skill level 5 in Fighting
  2253 | D:3      | Reached skill level 1 in Short Blades
  2520 | D:3      | Found a burning altar of Makhleb.
  2524 | D:3      | Found a glowing silver altar of Zin.
  2525 | D:3      | Noticed a balrug
  2525 | D:3      | Noticed an angel
  2529 | D:3      | Became a worshipper of Makhleb the Destroyer
  2529 | D:3      | Reached * piety under Makhleb
  2529 | D:3      | Reached ** piety under Makhleb
  2620 | D:3      | Reached XP level 6. HP: 43/51 MP: 4/6
  2625 | D:3      | Found a white marble altar of Elyvilon.
  3132 | D:4      | Found a bloodstained altar of Trog.
  3149 | D:4      | Noticed slender's ghost (amateur TrTm)
  3168 | D:4      | Killed slender's ghost
  3168 | D:4      | Reached XP level 7. HP: 59/59 MP: 5/7
  3243 | D:4      | Found a glowing golden altar of the Shining One.
  3417 | D:4      | Found a radiant altar of Vehumet.
  3684 | D:4      | Found a glowing golden altar of the Shining One.
  3695 | D:4      | Found a basalt altar of Yredelemnul.
  3698 | D:4      | Noticed a profane servitor
  3758 | D:4      | Noticed an angel
  3923 | D:5      | Entered Level 5 of the Dungeon
  4494 | D:5      | Found a blossoming altar of Fedhas.
  4496 | D:5      | Found a snail-covered altar of Cheibriados.
  4513 | D:5      | Found a stormy altar of Qazlal.
  4518 | D:5      | Noticed Kaishin's ghost (novice OpTm)
  4527 | D:5      | Killed Kaishin's ghost
  4527 | D:5      | Gained mutation: You have sharp fingernails. [demonic ancestry]
  4527 | D:5      | Reached XP level 8. HP: 67/67 MP: 5/8
  5033 | D:6      | Noticed Sigmund
  5040 | D:6      | Killed Sigmund
  5178 | D:6      | Reached *** piety under Makhleb
  5342 | D:6      | Found a deep blue altar of Sif Muna.
  5444 | D:6      | Noticed Eustachio
  5679 | D:6      | Killed Eustachio
  5681 | D:6      | Gained mutation: You are significantly more attuned to the shadows. [demonic ancestry]
  5681 | D:6      | Reached XP level 9. HP: 43/72 MP: 4/9
  5793 | D:6      | Slain by an orc warrior

Vault maps used:
D:1:      dpeg_arrival_tiny_a, serial_bayou_lagoon_a,
          hangedman_abyss_or_decor_stabs, minivault_25
D:2:      lemuel_crystal_altar, minmay_divided_ellipse
D:3:      grunt_temple_overflow_order_and_chaos_2, elyvilon_altar_3,
          corexii_corridor_pit, kennysheep_generic_room_3
D:4:      grunt_temple_overflow_holy_war, vehumet_statue, lemuel_crystal_altar,
          first_bread, minmay_bad_closet, minmay_misc_feat_four_crosses,
          nicolae_tso_carved_into_rock
D:5:      grunt_temple_overflow_forces_of_nature, cheibriados_altar_1
D:6:      basic_altar, uniq_eustachio, uniq_sigmund

Skill      XL: |  1  2  3  4  5  6  7  8  9 |
---------------+----------------------------+-----
Unarmed Combat | 4 5 7 |  7.0
Fighting       | 4 5 6 7 |  7.1
Stealth        | 2 |  2.1
Short Blades   | 1 |  1.0
Armour         | 4 |  4.9
Dodging        | 4 |  4.6
Invocations    | 2 |  2.6

Action                   |  1- 3 |  4- 6 |  7- 9 || total
-------------------------+-------+-------+-------++-------
Melee: Unarmed           |   116 |   207 |   312 ||   635
       Punch             |     6 |     1 |    11 ||    18
  Use: Scroll            |       |     6 |     8 ||    14
       Potion            |       |     1 |     2 ||     3
 Stab: Sleeping          |     4 |     7 |     2 ||    13
  Eat: Chunk             |     1 |     6 |     9 ||    16
       Beef jerky        |       |       |     1 ||     1
Armor: Leather armour    |    10 |       |       ||    10
       Scale mail        |    30 |    79 |   106 ||   215
Dodge: Dodged            |    56 |    73 |   183 ||   312
